 Dungeon Crawl Stone Soup version 0.29.1-2-gbd0b4ee654 (webtiles) character file.

Game seed: 16652118047093325919

240 DemonSlayer the Firebug (level 5, -1/54 HPs)
             Began as a Demonspawn Fire Elementalist on Oct 27, 2022.
             Slain by a vampire bat (2 damage)
             ... on level 3 of the Dungeon.
             The game lasted 00:05:34 (3079 turns).

DemonSlayer the Firebug (DsFE)                      Turns: 3079, Time: 00:05:34

Health: -1/54      AC:  2    Str:  6 (8)  XL:     5   Next: 79%
Magic:  2/10       EV: 12    Int: 16 (19) God:
Gold:   143        SH:  0    Dex: 10 (13) Spells: 0/10 levels left

rFire   . . .      SeeInvis .   f - +2 scythe (venom)
rCold   . . .      Faith    .   (shield currently unavailable)
rNeg    . . .      Spirit   .   a - +0 robe
rPois   .          Reflect  .   (no helmet)
rElec   .          Harm     .   (no cloak)
rCorr   .          Rampage  .   (no gloves)
Will    .....                   (no boots)
Stlth   ..........              (no amulet)
HPRegen 0.18/turn               (no ring)
MPRegen 0.12/turn               (no ring)

@: berserking, flying, very quick
A: foul stench 1
a: no special abilities


You were on level 3 of the Dungeon.
You visited 1 branch of the dungeon, and saw 3 of its levels.

You collected 143 gold pieces.

Inventory:

Hand Weapons
 f - a +2 scythe of venom (weapon)
 i - a +0 dagger
Armour
 a - a +0 robe (worn)
Wands
 e - a wand of acid (4)
Scrolls
 c - a scroll of magic mapping
 o - a scroll of teleportation
Potions
 h - a potion of lignification {unknown}
 j - a potion of cancellation
 m - a potion of flight
 p - a potion of haste {unknown}


   Skills:
 + Level 0.4 Fighting
 + Level 0.7 Short Blades
 + Level 0.1 Polearms
 + Level 2.1 Dodging
 + Level 2.6 Stealth
 + Level 3.4 Spellcasting
 + Level 2.2 Conjurations
 + Level 3.9 Fire Magic


You couldn't memorise any spells.
You knew the following spells:

 Your Spells              Type           Power      Damage    Failure   Level
a - Foxfire               Conj/Fire      48%        2x1d6     4%          1
b - Scorch                Fire           30%        2d7       5%          2
c - Conjure Flame         Conj/Fire      12%        6-21      16%         3
d - Flame Wave            Conj/Fire      12%        2d6       45%         4

Your spell library contained the following spells:

 Spells                   Type           Power      Damage    Failure   Level
 Inner Flame              Hex/Fire       9%         N/A       24%         3


Dungeon Overview and Level Annotations

Branches:
Dungeon (3/15)

Altars:


Innate Abilities, Weirdness & Mutations

You may rarely emit foul miasma when damaged in melee.


Message History

* * * LOW HITPOINT WARNING * * *
The vampire bat draws strength from your injuries!
The vampire bat barely misses you. The bat barely misses you.
The vampire bat bites you.
* * * LOW HITPOINT WARNING * * *
The vampire bat draws strength from your injuries!
You closely miss the vampire bat.
The vampire bat is moderately damaged.
The bat closely misses you. The vampire bat bites you.
* * * LOW HITPOINT WARNING * * *
The vampire bat draws strength from your injuries!
The bat barely misses you.
The vampire bat bites you but does no damage.
The bat closely misses you.
Unknown command.
Unknown command.
It was a potion of flight.
You feel very buoyant.
You fly up into the air.
The bat closely misses you. The vampire bat misses you. The bat misses you.
It was a potion of degeneration.
There was something very wrong with that liquid.
You feel weakened.
You feel dopey.
You feel clumsy. The bat hits you but does no damage.
The vampire bat barely misses you. The bat barely misses you. x2
It was a potion of berserk rage.
A red film seems to cover your vision as you go berserk!
You feel yourself moving faster!
You feel mighty! The bat misses you. The bat hits you but does no damage.
The vampire bat bites you.
* * * LOW HITPOINT WARNING * * *
The vampire bat draws strength from your injuries!
You puncture the vampire bat!
The vampire bat is severely damaged.
The vampire bat bites you.
* * * LOW HITPOINT WARNING * * *
The vampire bat draws strength from your injuries!
The bat closely misses you.
You miss the bat.
The bat closely misses you. x2; The vampire bat misses you.
The vampire bat bites you.
You die...

#####...........#
................#
##..#...........#
....)...........###
.####............#
###...##........#
#...#.##........#
#.##...#........#
#<.....#####@####
#..###.# #†b†# ...#
<# .b...# ....# ..
.......# .#####
..###.....## ..
##...## .. ##### .


You could see a vampire bat and a bat.

Vanquished Creatures
  Sigmund (D:2)
  Jessica (D:2)
  3 worms (D:2)
  A dart slug (D:2)
  5 endoplasms
  A giant cockroach (D:1)
  5 hobgoblins
  4 jackals
  A quokka (D:1)
  2 ball pythons
  6 bats
  2 frilled lizards
  2 goblins (D:1)
  2 kobolds
  5 rats
41 creatures vanquished.

Vanquished Creatures (others)
  150 foxfires
150 creatures vanquished.

Grand Total: 191 creatures vanquished

Notes
Turn   | Place    | Note
-------+----------+-------------------------------------------
     0 | D:1      | DemonSlayer the Demonspawn Fire Elementalist began the
                  | quest for the Orb.
     0 | D:1      | Reached XP level 1. HP: 13/13 MP: 3/3
   647 | D:1      | Found a faded altar of an unknown god.
   696 | D:1      | Gained mutation: You may rarely emit foul miasma when
                  | damaged in melee. [demonic ancestry]
   696 | D:1      | Reached XP level 2. HP: 19/19 MP: 0/5
   699 | D:1      | Learned a level 2 spell: Scorch
  1630 | D:2      | Noticed Jessica
  1634 | D:2      | Killed Jessica
  1635 | D:2      | Reached XP level 3. HP: 24/24 MP: 1/6
  2159 | D:2      | Noticed Sigmund
  2173 | D:2      | Killed Sigmund
  2174 | D:2      | Reached XP level 4. HP: 19/31 MP: 1/9
  2174 | D:2      | Reached XP level 5. HP: 22/36 MP: 1/10
  2689 | D:1      | Learned a level 3 spell: Conjure Flame
  2694 | D:1      | Learned a level 4 spell: Flame Wave
  3078 | D:3      | HP: 1/54 [vampire bat (3)]
  3079 | D:3      | Slain by a vampire bat

Illustrated notes

Levels and vault maps discovered:
D:1:      mrwooster_arrival_statue_2, layout_loops_corners,
          chequers_ecumenical_altar_grove
D:2:      layout_basic, uniq_jessica, uniq_sigmund
D:3:      layout_rooms, roderic_batcave

Skill      XL: |  1  2  3 |
---------------+----------+-----
Stealth        | 2 |  2.6
Fire Magic     | 3 |  3.9
Dodging        | 2 |  2.1
Spellcasting   | 3 |  3.4
Conjurations   | 2 |  2.2
Fighting       | |  0.4
Short Blades   | |  0.7
Polearms       | |  0.1

Action                   |  1- 3 |  4- 6 || total
-------------------------+-------+-------++-------
Melee: Unarmed           |     9 |       ||     9
       Dagger            |    17 |       ||    17
       Halberd           |       |    29 ||    29
 Cast: Foxfire           |    86 |       ||    86
       Scorch            |     3 |     7 ||    10
  Use: Potion            |     4 |     3 ||     7
       Scroll            |       |     7 ||     7
 Stab: Sleeping          |     4 |     2 ||     6
Armor: Robe              |     5 |    24 ||    29
Dodge: Dodged            |    24 |    63 ||    87
